 Dungeon Crawl Stone Soup version 0.31-a0-702-gf82c85558f (webtiles) character file.

Game seed: 15189741609462835276

143 qw the Shooter (level 5, 0/32 HPs)
             Began as a Gargoyle Hunter on Sept 8, 2023.
             Slain by an ogre
             ... wielding a +0 giant club
              (14 damage)
             ... on level 4 of the Dungeon.
             The game lasted 00:01:00 (2445 turns).

qw the Shooter (Gargoyle Hunter)                    Turns: 2445, Time: 00:01:01

Health: 0/32       AC: 11    Str: 14    XL:     5   Next: 25%
Magic:  5/5        EV: 10    Int: 10    God:
Gold:   199        SH:  0    Dex: 15    Spells: 4/4 levels left

rFire   . . .        Y - +1 shortbow
rCold   . . .        (shield currently unavailable)
rNeg    + . .        l - +0 ring mail
rPois   inf          (no helmet)
rElec   +            g - +0 cloak
rCorr   .            m - +0 pair of gloves
SInv    .            (no boots)
Will    .....        (no amulet)
Stlth   +            (no ring)
HPRegen 0.25/turn    (no ring)
MPRegen 0.09/turn

%: no passive effects
@: no status effects
A: sickness immunity, AC +4, negative energy resistance 1, electricity
resistance, torment resistance 1, petrification resistance
a: no special abilities


You were on level 4 of the Dungeon.
You visited 2 branches of the dungeon, and saw 5 of its levels.

You collected 199 gold pieces.


Innate Abilities, Weirdness & Mutations

You are immune to sickness and miasma.
Your stone body is resilient. (AC +4)
You are immune to poison.
You resist negative energy. (rN+)
You are resistant to electric shocks. (rElec)
You are resistant to unholy torment.
You are immune to petrification.


   Skills:
 - Level 3.0 Fighting
 + Level 5.9 Ranged Weapons
 - Level 1.0 Armour
 - Level 1.5 Dodging
 - Level 1.1 Stealth


You had 4 spell levels left.
You didn't know any spells.
Your spell library was empty.

Inventory:

Hand Weapons
 Y - a +1 shortbow (weapon)
Armour
 g - a +0 cloak (worn)
 l - a +0 ring mail (worn)
 m - a +0 pair of gloves (worn)
Scrolls
 b - a scroll of teleportation
 d - a scroll of identify
Potions
 a - a potion of resistance
 c - 3 potions of curing
 e - 2 potions of haste
 f - a potion of ambrosia {unknown}
 j - a potion of might {unknown}
 k - a potion of heal wounds {unknown}

Dungeon Overview and Level Annotations

Branches:
Dungeon (4/15)             Temple (1/1) D:4

Altars:
Ashenzari
Elyvilon
Fedhas
Gozag
Hepliaklqana
Kikubaaqudgha
Nemelex Xobeh
Sif Muna
Uskayaw
Xom
Yredelemnul
Zin
The Shining One

Annotations:
D:4 Robin


Message History

Enter note:
2436 |||
Found retreat position at 2,-4 (floor) with 0 blocking monsters and 1 monsters attacking at destination at distance 4
2436 ||| Stepping ~*~*~tactically~*~*~ (retreating).
The gnoll attacks as it pursues you! The gnoll barely misses you.
The gnoll attacks as it pursues you! The gnoll closely misses you.
Enter note:
2437 |||
Found retreat position at 1,-3 (floor) with 0 blocking monsters and 1 monsters attacking at destination at distance 3
2437 ||| Stepping ~*~*~tactically~*~*~ (retreating).
The gnoll attacks as it pursues you! The gnoll barely misses you.
Enter note:
2438 |||
Found retreat position at 0,-2 (floor) with 0 blocking monsters and 1 monsters attacking at destination at distance 2
2438 ||| Stepping ~*~*~tactically~*~*~ (retreating).
You shoot an arrow.
The arrow hits the gnoll but does no damage.
The gnoll is moderately wounded.
The gnoll hits you but does no damage.
You shoot an arrow. The arrow barely misses the gnoll.
The gnoll barely misses you.
You shoot an arrow. The arrow hits the gnoll!
The gnoll is severely wounded.
The gnoll misses you.
You shoot an arrow. The arrow completely misses the gnoll.
The gnoll hits you but does no damage.
A goblin comes into view. It is wielding a +0 dagger.
The gnoll hits you with a +0 club.
You shoot an arrow. The arrow closely misses the gnoll.
The arrow closely misses the goblin.
The gnoll barely misses you.
You shoot an arrow. The arrow hits the gnoll.
The gnoll is almost dead.
The gnoll hits you with a +0 club.
A goblin comes into view. It is wielding a +0 dagger.
You shoot an arrow. The goblin shouts!
The arrow hits the gnoll.
You kill the gnoll!
You hear a shout! x2
A hobgoblin comes into view.
The ogre hits you with a +0 giant club!
You die...

#.#...#..# #......b...#..#
#.
#....###..###<......#.###.##
#. #......##..........#.##
##.#####.
#..#.>....###...#...##
##......
#..........##..##..#.##
##.######
##.##..###)##.#....##.###.##
#.##### #.##.#.#.####.#.##
#.## #.##.#O#....%#..#
##..######.##..#@#.#.#...#
#..........##.###gg......#
#.#.####...###.#.#.#.#..##
#.#.# #........g##...#.#
#.#.# #.######.g###g##.#
#.#.# #.# #g.###g##.# ..#.#
#.# #...## ##.# ..#.# #.#
#O#.# ... ..# #.#g#


You could see an ogre, a gnoll, a hobgoblin and 2 goblins.

Vanquished Creatures
  A gnoll (D:4)
  8 adders
  A dart slug (D:3)
  2 orcs (D:3)
  2 endoplasms (D:2)
  3 giant cockroaches (D:1)
  8 goblins
  7 hobgoblins
  3 quokkas
  3 ball pythons
  8 bats
  7 frilled lizards
  12 kobolds
  7 rats
72 creatures vanquished.

Notes
Turn   | Place    | Note
-------+----------+-------------------------------------------
     0 | D:1      | qw the Gargoyle Hunter began the quest for the Orb.
     0 | D:1      | Reached XP level 1. HP: 12/12 MP: 1/1
     0 | D:1      | 0 ||| qw: Version: 0.3-a-76-g4403597
     0 | D:1      | 0 ||| qw: Game counter: 966
     0 | D:1      | 0 ||| qw: Melee chars always use a shield: true
     0 | D:1      | 0 ||| qw: God list: Okawaru
     0 | D:1      | 0 ||| qw: Allow faded altars: false
     0 | D:1      | 0 ||| qw: Do Orc after clearing Dungeon:15 true
     0 | D:1      | 0 ||| qw: Do second Lair branch before Depths: true
     0 | D:1      | 0 ||| qw: Lair rune preference: random
     0 | D:1      | 0 ||| qw: Goals: Normal
     0 | D:1      | 0 ||| PLANNING D:1-11
   202 | D:1      | Reached XP level 2. HP: 17/17 MP: 2/2
   799 | D:1      | 799 ||| UPGRADING to +0 ring mail.
   809 | D:1      | 809 ||| DROPPING +0 leather armour.
   810 | D:1      | 810 ||| READING scroll labelled TIASOD YDWALIO.
   811 | D:1      | 811 ||| READING scroll labelled JODGHE ADEWK.
   814 | D:1      | 814 ||| READING scroll labelled HIELUQA BAUSM.
   815 | D:1      | 815 ||| READING scroll labelled SOOCON HOUSEHE.
   816 | D:1      | 816 ||| DRINKING 2 green potions.
   817 | D:1      | 817 ||| DROPPING scroll of butterflies.
   818 | D:1      | 818 ||| DROPPING potion of brilliance.
   843 | D:2      | Reached XP level 3. HP: 21/21 MP: 3/3
   958 | D:2      | Reached skill level 1 in Armour
   977 | D:2      | Reached skill level 5 in Ranged Weapons
   977 | D:2      | 977 ||| STAIRDANCE
  1152 | D:2      | Reached XP level 4. HP: 27/27 MP: 4/4
  1265 | D:2      | 1265 ||| DRINKING 2 fuming clear potions.
  1266 | D:2      | 1266 ||| READING 2 scrolls of identify.
  1266 | D:2      | 1266 ||| IDENTIFYING sedimented yellow potion
  1308 | D:3      | Reached skill level 3 in Fighting
  1882 | D:3      | Reached XP level 5. HP: 29/32 MP: 5/5
  2262 | D:3      | 2262 ||| UPGRADING to +0 pair of gloves.
  2267 | D:3      | 2267 ||| DROPPING +6 ring of intelligence.
  2268 | D:3      | 2268 ||| READING scroll labelled EHODIS UPHUADI.
  2269 | D:3      | 2269 ||| DRINKING 3 smoky black potions.
  2270 | D:3      | 2270 ||| DRINKING 3 white potions.
  2271 | D:3      | 2271 ||| DROPPING 2 potions of attraction.
  2336 | D:4      | Found the +7 Spriggan's Knife {stab, EV+4 Stlth+}
  2383 | D:4      | Found a staircase to the Ecumenical Temple.
  2384 | D:4      | 2384 ||| PLANNING TEMPLE
  2384 | D:4      | 2384 ||| UPGRADING to +0 cloak.
  2393 | Temple   | Entered the Ecumenical Temple
  2394 | Temple   | 2394 ||| PLANNING D:1-11
  2427 | D:4      | 2427 ||| Stepping ~*~*~tactically~*~*~ (outnumbered).
  2430 | D:4      | Noticed an ogre
  2432 | D:4      | 2432 ||| Stepping ~*~*~tactically~*~*~ (retreating).
  2433 | D:4      | 2433 ||| Stepping ~*~*~tactically~*~*~ (retreating).
  2434 | D:4      | 2434 ||| Stepping ~*~*~tactically~*~*~ (retreating).
  2434 | D:4      | Noticed Robin
  2435 | D:4      | 2435 ||| Stepping ~*~*~tactically~*~*~ (retreating).
  2436 | D:4      | 2436 ||| Stepping ~*~*~tactically~*~*~ (retreating).
  2437 | D:4      | 2437 ||| Stepping ~*~*~tactically~*~*~ (retreating).
  2438 | D:4      | 2438 ||| Stepping ~*~*~tactically~*~*~ (retreating).
  2445 | D:4      | Slain by an ogre

Levels and vault maps discovered:
D:1:      minmay_arrival_stone_box, layout_basic
D:2:      layout_rooms
D:3:      corexii_shack_village, layout_loops_corners, nicolae_titane
D:4:      layout_loops_ring, minmay_temple_entry_butterflies,
          gammafunk_ghost_grave, uniq_robin
Temple:   nicolae_temple_ecumenical_triangle

Skill      XL: |  1  2  3  4 |
---------------+-------------+-----
Armour         | 1 |  1.0
Ranged Weapons | 5 |  5.9
Fighting       | 3 |  3.0
Dodging        | |  1.5
Stealth        | |  1.1

Action                     |  1- 3 |  4- 6 || total
---------------------------+-------+-------++-------
   Fire: Shortbow          |   120 |   110 ||   230
    Use: Scroll            |     4 |     2 ||     6
         Potion            |     1 |     3 ||     4
 Armour: Leather armour    |    13 |       ||    13
         Ring mail         |    27 |    53 ||    80
  Dodge: Dodged            |    33 |    55 ||    88

Table legend:
 A = Non-vault XP
 B = Vault XP
 C = Vault XP percentage of total XP
 D = Non-vault monster count
 E = Vault monster count
 F = Vault count percentage of total count
                 A         B        C        D         E       F
            +---------+---------+-------+---------+---------+-------
      Total |     198 |      22 |  10.0 |      60 |      12 |  16.7
            +---------+---------+-------+---------+---------+-------
        D:1 |      32 |       0 |   0.0 |      23 |       0 |   0.0
        D:2 |      54 |       0 |   0.0 |      20 |       0 |   0.0
        D:3 |      82 |      22 |  21.2 |      14 |      12 |  46.2
        D:4 |      30 |       0 |   0.0 |       3 |       0 |   0.0
            +---------+---------+-------+---------+---------+-------
